 Dungeon Crawl Stone Soup version 0.26.1-13-g052cdd8df3 (webtiles) character file.

Game seed: 7415992642489292462

4258 BeavisTheGrey the Grappler (level 10, 0/92 HPs)
             Began as a Troll Monk on Feb 7, 2022.
             Was a Priest of Yredelemnul.
             Slain by a komodo dragon (16 damage)
             ... on level 8 of the Dungeon on Feb 8, 2022.
             The game lasted 01:15:13 (10308 turns).

BeavisTheGrey the Grappler (Troll Monk)            Turns: 10308, Time: 01:15:14

Health: 0/92       AC: 12    Str: 23    XL:     10   Next: 10%
Magic:  11/11      EV: 11    Int:  6    God:    Yredelemnul [***...]
Gold:   581        SH:  0    Dex: 13    Spells: 9/9 levels left

rFire    . . .     SeeInvis .     - Unarmed
rCold    . . .     Faith    .   (no shield)
rNeg     . . .     Spirit   .   z - +1 swamp dragon scales
rPois    +         Reflect  .   (helmet restricted)
rElec    .         Harm     .   (no cloak)
rCorr    .         Rampage  .   (gloves unavailable)
Will     .....                  (boots unavailable)
Stlth    ++........             (no amulet)
HPRegen  0.65/turn              (no ring)
MPRegen  0.12/turn              (no ring)

@: about to teleport
A: large, unfitting armour, claws 3, regeneration 1, shaggy fur 1, tough skin 3
a: Renounce Religion, Recall Undead Slaves, Injury Mirror, Animate Dead


You were on level 8 of the Dungeon.
You worshipped Yredelemnul.
Yredelemnul was most pleased with you.
You visited 2 branches of the dungeon, and saw 10 of its levels.

You collected 581 gold pieces.

Inventory:

Hand Weapons
 B - a +0 long sword of electrocution
Missiles
 D - 16 poisoned darts (quivered)
Armour
 a - a +2 robe
 z - +1 swamp dragon scales (worn)
Jewellery
 b - an uncursed amulet of reflection {unknown}
 c - a cursed -4 ring of strength {unknown}
 f - an uncursed ring of see invisible
Wands
 p - a wand of acid (10)
 v - a wand of enslavement (18)
 w - a wand of random effects (20)
 A - a wand of disintegration (9)
Scrolls
 g - 5 scrolls of teleportation
 j - 6 scrolls of identify
 k - a scroll of immolation {unknown}
 l - 2 scrolls of magic mapping
 m - 4 scrolls of remove curse
 q - a scroll of blinking {unknown}
 s - a scroll of enchant weapon {unknown}
 x - a scroll of random uselessness {unknown}
 y - a scroll of amnesia {unknown}
Potions
 d - 2 potions of cancellation
 e - a potion of lignification {unknown}
 h - a potion of degeneration {unknown}
 i - a potion of resistance
 n - 3 potions of mutation
 r - a potion of flight {unknown}
 t - a potion of berserk rage {unknown}
 u - 2 potions of curing {unknown}
 C - a potion of brilliance {unknown}


   Skills:
 + Level 4.1 Fighting
 + Level 1.4 Armour
 + Level 5.9 Dodging
 + Level 3.6 Stealth
 + Level 10.3 Unarmed Combat
 + Level 3.2 Invocations
 + Level 1.5 Evocations


You had 9 spell levels left.
You didn't know any spells.
Your spell library contained the following spells:

 Spells                   Type           Power        Failure   Level
 Animate Skeleton         Necr           0%           61%         1
 Corona                   Hex            0%           61%         1
 Pain                     Necr           0%           61%         1
 Ensorcelled Hibernation  Hex/Ice        0%           75%         2
 Confusing Touch          Hex            0%           93%         3
 Dazzling Flash           Conj/Hex       0%           93%         3
 Tukima's Dance           Hex            0%           93%         3
 Vampiric Draining        Necr           0%           93%         3
 Animate Dead             Necr           0%           100%        4
 Agony                    Necr           0%           100%        5


Dungeon Overview and Level Annotations

Branches:
Dungeon (9/15)             Temple (1/1) D:6            Lair (0/6) D:9
    Orc: D:9-12

Altars:
Cheibriados
Dithmenos
Fedhas
Gozag
Kikubaaqudgha
Makhleb
Nemelex Xobeh
Okawaru
Sif Muna
Uskayaw
Vehumet
Wu Jian
Xom
Yredelemnul
Zin
The Shining One

Annotations:
D:5 1 runed translucent door, Crazy Yiuf, Menkaure


Innate Abilities, Weirdness & Mutations

You are too large for most types of armour.
You have claws for hands.
Your natural rate of healing is unusually fast.
You are covered in fur. (AC +1)
You have extremely tough skin. (AC +3)


Message History

The komodo dragon barely misses you.
A yak comes into view.
Found a condenser vane.
Found a staircase to the Lair.
A yak comes into view.
A hound zombie comes into view.
The komodo dragon bites you but does no damage.
You start to feel less resistant.
There is a stone staircase leading up here.
The komodo dragon bites you!
* * * LOW HITPOINT WARNING * * *
You climb upwards.
There is a stone staircase leading down here.
Your resistance to elements expires.
The komodo dragon hisses menacingly.
The komodo dragon bites you!
* * * LOW HITPOINT WARNING * * *
As you read the scroll of teleportation, it crumbles to dust.
You feel strangely unstable. The komodo dragon bites you!
You die...
Your body rises from the dead as a mindless zombie.

############# ##.....#.....##
##.............##
#...............#
#...............#
#.............[.#
#.............)>#
#..............@################
##..............l...............
##.....#.......#..#############
#########.....##..## #.....
##>.#.###..## #.....
##.#...##.>#####.....
#.#.................
#...##..#.....#.....
##..###.............


You could see a komodo dragon.

Vanquished Creatures
  Harold (D:9)
  Maggie (D:8)
  Sigmund (D:5)
  Edmund (D:5)
  2 orc warriors
  A black bear (D:9)
  A necrophage (D:9)
  A phantom (D:4)
  A centaur (D:5)
  3 ogres
  3 bullfrogs
  A water moccasin zombie (D:9)
  5 scorpions
  2 wights (D:9)
  3 howler monkeys (D:7)
  3 centaur zombies
  A bullfrog skeleton (D:4)
  2 hounds
  2 jellies (D:8)
  4 orc wizards
  A centaur skeleton (D:6)
  3 iguanas
  2 worker ants
  2 killer bee zombies
  2 hound zombies
  2 hound skeletons
  A mummy (D:9)
  4 gnolls
  2 howler monkey skeletons
  11 adders
  A shadow imp (D:7)
  A white imp (D:5)
  2 ufetubi (D:8)
  An adder zombie (D:6)
  3 worms
  A dart slug (D:3)
  2 leopard geckos
  23 orcs
  2 ball pythons (D:3)
  7 bats
  7 giant cockroaches
  4 goblins (D:1)
  8 hobgoblins
  19 jackals
  10 kobolds
  A quokka (D:6)
  A ball python skeleton (D:5)
  3 frilled lizards
  A leopard gecko skeleton (D:5)
  A necrophage skeleton (D:9)
  8 rats
175 creatures vanquished.

Vanquished Creatures (collateral kills)
  A two-headed ogre (D:8)
  A hornet (D:8)
  An orc warrior (D:8)
  A bullfrog zombie (D:9)
  An orc priest (D:8)
  An orc wizard (D:8)
  A hound zombie (D:8)
  An adder (D:7)
  2 orcs (D:8)
  2 leopard gecko zombies
  An orc zombie (D:8)
13 creatures vanquished.

Vanquished Creatures (others)
  A human zombie (D:9)
  An ogre zombie (D:7)
  2 adder zombies
  4 orc zombies
  A worker ant zombie (D:8)
  13 fungi
  13 plants (D:9)
  A withered plant (D:9)
36 creatures vanquished.

Grand Total: 224 creatures vanquished

Notes
Turn   | Place    | Note
-------+----------+-------------------------------------------
     0 | D:1      | BeavisTheGrey the Troll Monk began the quest for the Orb.
     0 | D:1      | Reached XP level 1. HP: 22/22 MP: 0/0
   216 | D:1      | Reached XP level 2. HP: 28/29 MP: 1/1
   882 | D:1      | Reached XP level 3. HP: 36/36 MP: 2/2
  1346 | D:2      | Found a snail-covered altar of Cheibriados.
  1368 | D:2      | Found a blossoming altar of Fedhas.
  1369 | D:2      | Found an ornate altar of the Wu Jian Council.
  1450 | D:2      | Reached XP level 4. HP: 22/44 MP: 3/3
  1790 | D:3      | Reached skill level 4 in Unarmed Combat
  2056 | D:3      | Reached XP level 5. HP: 52/52 MP: 4/4
  2242 | D:3      | Found a radiant altar of Vehumet.
  2755 | D:3      | Reached skill level 5 in Unarmed Combat
  3329 | D:4      | Noticed a phantom
  3362 | D:4      | Killed a phantom
  3363 | D:4      | Reached XP level 6. HP: 49/61 MP: 5/5
  3455 | D:4      | Found an iron altar of Okawaru.
  4632 | D:5      | Entered Level 5 of the Dungeon
  4802 | D:5      | Reached skill level 6 in Unarmed Combat
  4875 | D:5      | Reached XP level 7. HP: 67/67 MP: 6/6
  4974 | D:5      | Found a shimmering blue altar of Sif Muna.
  4974 | D:5      | Noticed Sigmund
  4986 | D:5      | Killed Sigmund
  5060 | D:5      | Noticed Edmund
  5067 | D:5      | Killed Edmund
  5235 | D:5      | Noticed Menkaure
  5607 | D:5      | Found a runed translucent door.
  5608 | D:5      | Noticed Crazy Yiuf
  5673 | D:5      | Reached skill level 7 in Unarmed Combat
  6093 | D:6      | Reached XP level 8. HP: 70/75 MP: 7/7
  6949 | D:6      | Found a staircase to the Ecumenical Temple.
  6959 | Temple   | Entered the Ecumenical Temple
  6967 | Temple   | Became a worshipper of Yredelemnul the Dark
  6967 | Temple   | Reached * piety under Yredelemnul
  6967 | Temple   | Reached ** piety under Yredelemnul
  7071 | D:7      | Reached skill level 8 in Unarmed Combat
  8533 | D:8      | Reached skill level 5 in Dodging
  8553 | D:8      | Found an ancient bone altar of Kikubaaqudgha.
  8729 | D:8      | Noticed Maggie
  8889 | D:8      | Reached skill level 9 in Unarmed Combat
  8889 | D:8      | Reached XP level 9. HP: 61/84 MP: 6/8
  8943 | D:8      | Reached skill level 1 in Invocations
  8950 | D:8      | Noticed a two-headed ogre
  8960 | D:8      | Killed a two-headed ogre
  8961 | D:8      | Reached skill level 1 in Evocations
  9224 | D:8      | Found a burning altar of Makhleb.
  9523 | D:8      | Killed Maggie
  9523 | D:8      | Reached *** piety under Yredelemnul
 10102 | D:9      | Reached skill level 10 in Unarmed Combat
 10227 | D:9      | Noticed Harold
 10247 | D:9      | Killed Harold
 10248 | D:9      | Reached skill level 1 in Armour
 10248 | D:9      | Reached XP level 10. HP: 54/92 MP: 11/11
 10257 | D:9      | Your ally Harold died
 10273 | D:9      | Found a staircase to the Lair.
 10308 | D:8      | Slain by a komodo dragon

Illustrated notes

Levels and vault maps discovered:
D:1:      amcnicky_arrival_blooded_trapdoor, layout_basic
D:2:      layout_rooms, minitemple
D:3:      minmay_evil_eye, layout_basic, old_standard_altar,
          chequers_serial_rivers_micro_a
D:4:      layout_loops_corners, kennysheep_okawaru_gauntlet, enter_ossuary_5,
          minmay_misc_feat_rows
D:5:      layout_loops_cross, nicolae_overflow_hidden_temple,
          uniq_crazy_yiuf_cottage, uniq_menkaure, uniq_edmund, uniq_sigmund
D:6:      layout_cave_pods, minmay_temple_entry_poolview,
          nicolae_ru_path_of_blood
D:7:      layout_basic
D:8:      layout_rooms, nicolae_overflow_crystal_walls, lightli_temple_of_fire,
          uniq_maggie
D:9:      layout_cave_pools, grunt_lair_entry_orc_guard_hut, serial_undead,
          serial_undead_d, serial_undead_d, serial_undead_a, serial_undead_b,
          serial_undead_d, serial_undead_b, serial_undead_f, serial_undead_e,
          serial_shops, kennysheep_little_box,
          nemelex_xobeh_ov_fountains_minmay, uniq_joseph, uniq_harold
Temple:   eino_temple_lava

Skill      XL: |  1  2  3  4  5  6  7  8  9 |
---------------+----------------------------+-----
Dodging        | 3 4 5 |  5.9
Unarmed Combat | 4 5 6 7 9 10 | 10.3
Fighting       | 3 4 |  4.1
Stealth        | 2 3 |  3.6
Invocations    | 3 |  3.2
Evocations     | 1 |  1.5
Armour         | 1 |  1.4

Action                   |  1- 3 |  4- 6 |  7- 9 | 10-12 || total
-------------------------+-------+-------+-------+-------++-------
Melee: Unarmed           |   132 |   136 |   332 |     2 ||   602
       Punch             |     2 |     1 |    16 |       ||    19
Invok: Animate Remains   |       |       |    15 |       ||    15
       Animate Dead      |       |       |     8 |     2 ||    10
Evoke: Wand              |       |       |    20 |       ||    20
  Use: Scroll            |       |     1 |    11 |     1 ||    13
       Potion            |       |       |     2 |     1 ||     3
 Stab: Sleeping          |       |     3 |     5 |       ||     8
       Distracted        |       |       |     2 |       ||     2
Armor: Robe              |   117 |    50 |    79 |       ||   246
       Swamp dragon scal |       |       |    19 |     2 ||    21
Dodge: Dodged            |   151 |    96 |   190 |     3 ||   440
